 Dungeon Crawl Stone Soup version 0.31-a0-217-g58bb5d79cf (webtiles) character file.

Game seed: 11207624270216473985

249 qw the Shooter (level 5, -1/43 (45) HPs)
             Began as a Minotaur Hexslinger on July 2, 2023.
             Slain by a kobold brigand
             ... wielding a +0 short sword
              (3 damage)
             ... in a sewer.
             The game lasted 00:01:02 (1641 turns).

qw the Shooter (Minotaur Hexslinger)                Turns: 1641, Time: 00:01:03

HP:   -1/43 (45)    AC:  4    Str: 12 (13) XL:     5   Next: 86%
MP:   5/5           EV: 11    Int:  7 (10) God:
Gold: 43            SH:  0    Dex: 12 (14) Spells: 5/6 levels left

rFire   . . .        Y - +1 sling (freeze)
rCold   . . .        (no shield)
rNeg    . . .        e - +0 leather armour
rPois   .            (helmet restricted)
rElec   .            (no cloak)
rCorr   .            l - +0 pair of gloves
SInv    .            (no boots)
Will    .....        (no amulet)
Stlth   +            (no ring)
HPRegen 0.27/turn    (no ring)
MPRegen 0.09/turn

%: no passive effects
@: lightly drained
A: horns 2, retaliatory headbutt
a: no special abilities


You were in a sewer.
You visited 1 branch of the dungeon, and saw 3 of its levels.
You also visited: Sewer.

You collected 43 gold pieces.


Innate Abilities, Weirdness & Mutations

You have a pair of horns on your head.
You reflexively headbutt those who attack you in melee.


   Skills:
 + Level 3.3 Fighting
 - Level 6.0 Ranged Weapons
 - Level 1.0 Armour
 - Level 2.1 Dodging
 - Level 1.0 Spellcasting
 - Level 2.0 Hexes


You had 5 spell levels left.
You knew the following spells:

 Your Spells              Type           Power      Damage    Failure   Level
a - Slow                  Hex            12%        N/A       24%         1

Your spell library contained the following spells:

 Spells                   Type           Power      Damage    Failure   Level
 Inner Flame              Hex/Fire       1%         N/A       71%         3
 Portal Projectile        Hex/Tloc       2%         N/A       71%         3
 Cause Fear               Hex            1%         N/A       93%         4

Inventory:

Hand Weapons
 Y - a +1 sling of freezing (weapon)
Armour
 e - a +0 leather armour (worn)
 l - a +0 pair of gloves (worn)
Scrolls
 c - 3 scrolls of identify
Potions
 a - a potion of mutation {unknown}
 b - a potion of magic {unknown}
 d - a potion of enlightenment
 f - a potion of haste {unknown}
 i - a potion of might

Dungeon Overview and Level Annotations

Branches:
Dungeon (4/15)              Sewer (1/1)
 Temple: D:4-7

Altars:


Message History

You shoot a sling bullet.
The sling bullet closely misses the kobold brigand.
You feel sick. The kobold hits you but does no damage.
The kobold hits you with a +0 short sword.
You shoot a sling bullet.
The sling bullet barely misses the kobold brigand.
You feel sick.
The kobold brigand hits you with a +0 short sword.
The kobold hits you with a +0 dagger.
The kobold hits you with a +0 short sword.
You shoot a sling bullet.
The sling bullet hits the kobold brigand!
The sling bullet freezes the kobold brigand.
The kobold brigand is moderately wounded.
You feel sick.
You are no longer poisoned.
The kobold misses you. You furiously retaliate!
You headbutt the kobold.
You kill the kobold!
You shoot a sling bullet.
The sling bullet hits the kobold brigand but does no damage.
The kobold brigand is moderately wounded.
The kobold hits you with a +0 short sword.
The kobold hits you with a +0 dagger. The kobold closely misses you.
The kobold brigand hits you with a +0 short sword!
The kobold hits you but does no damage.
You shoot a sling bullet.
The sling bullet barely misses the kobold brigand.
The kobold hits you but does no damage.
The kobold brigand hits you with a +0 short sword!
The kobold hits you with a +0 dagger.
You shoot a sling bullet.
The sling bullet completely misses the kobold brigand.
The kobold hits you but does no damage.
The kobold brigand hits you with a +0 short sword.
The kobold misses you. The kobold barely misses you.
You shoot a sling bullet.
The sling bullet closely misses the kobold brigand.
The kobold barely misses you.
The kobold brigand hits you with a +0 short sword.
You die...

##...~~~~~~#...%##
#....~~~~~~##...#
##....~~~~~~~##..#
#....~~~~~~~~##%.##
#....~~~~~~~~#....#
#....~~~~~~~~~....##
##...~~~~~~~~~~....#
#...~~~~~~~~~~~KK.#
#...~~~~~~~~~~~@K.#
##..~~~~~~~~~~~KK.#
###)###~~~~~~###'##
#.....#~~~~~~ ...
#..)..# ~~~~ .....
##...## ~~~ ##...##
#.....# ~ ?....
#..#.)# !!#!!#
####### ### ###


You could see a kobold brigand and 4 kobolds.

Vanquished Creatures
  A scorpion (D:4)
  8 adders
  4 river rats
  2 worms (D:2)
  A dart slug (D:2)
  7 bats
  7 endoplasms
  5 goblins
  2 hobgoblins
  3 jackals (D:1)
  2 quokkas
  10 ball pythons
  4 frilled lizards
  10 kobolds
  16 rats
82 creatures vanquished.

Notes
Turn   | Place    | Note
-------+----------+-------------------------------------------
     0 | D:1      | qw the Minotaur Hexslinger began the quest for the Orb.
     0 | D:1      | Reached XP level 1. HP: 16/16 MP: 1/1
     0 | D:1      | 0 ||| qw: Version: 0.3-a-40-ge99b1a8
     0 | D:1      | 0 ||| qw: Game counter: 110
     0 | D:1      | 0 ||| qw: Melee chars always use a shield: true
     0 | D:1      | 0 ||| qw: God list: Okawaru
     0 | D:1      | 0 ||| qw: Allow faded altars: false
     0 | D:1      | 0 ||| qw: Do Orc after clearing Dungeon:15 true
     0 | D:1      | 0 ||| qw: Do second Lair branch before Depths: true
     0 | D:1      | 0 ||| qw: Lair rune preference: random
     0 | D:1      | 0 ||| qw: Goals: Normal
     0 | D:1      | 0 ||| PLANNING D:1-11
   161 | D:1      | Reached skill level 3 in Ranged Weapons
   170 | D:1      | Reached XP level 2. HP: 23/23 MP: 2/2
   476 | D:1      | 476 ||| UPGRADING to +0 leather armour.
   486 | D:1      | 486 ||| DROPPING +0 robe.
   487 | D:1      | 487 ||| UPGRADING to +0 pair of gloves.
   492 | D:1      | 492 ||| READING scroll labelled GEHIVA UDOMUASK.
   493 | D:1      | 493 ||| READING scroll labelled HUURHI ZIURI.
   494 | D:1      | 494 ||| READING scroll labelled CUERITS BEQAUC.
   495 | D:1      | 495 ||| READING scroll labelled MEBBEDWALIE.
   496 | D:1      | 496 ||| READING scroll labelled PUOTOA GIDYILAO.
   497 | D:1      | 497 ||| DRINKING 2 viscous cyan potions.
   498 | D:1      | 498 ||| DRINKING 2 sedimented ruby potions.
   499 | D:1      | 499 ||| DROPPING scroll of poison.
   631 | D:2      | Reached XP level 3. HP: 24/29 MP: 3/3
   751 | D:2      | Reached skill level 4 in Ranged Weapons
   895 | D:2      | You fall into a shaft and drop 2 floors!
   896 | D:4      | 896 ||| PLANNING SEWER
   919 | D:4      | Reached XP level 4. HP: 36/36 MP: 4/4
   933 | D:4      | Noticed a scorpion
   939 | D:4      | Killed a scorpion
   940 | D:4      | Reached skill level 5 in Ranged Weapons
   946 | D:4      | Reached XP level 5. HP: 20/41 MP: 5/5
  1198 | D:4      | Found a glowing drain.
  1201 | D:4      | 1201 ||| READING scroll labelled TOMESS KEIXIP.
  1221 | D:4      | 1221 ||| FLEEEEING.
  1222 | D:4      | 1222 ||| FLEEEEING.
  1332 | D:4      | 1332 ||| READING scroll labelled DER ILUENURU.
  1333 | D:4      | 1333 ||| READING scroll labelled OFOLAI SEIPAN.
  1334 | D:4      | 1334 ||| DRINKING 2 smoky white potions.
  1335 | D:4      | 1335 ||| READING 4 scrolls of identify.
  1335 | D:4      | 1335 ||| IDENTIFYING sedimented pink potion
  1336 | D:4      | 1336 ||| DROPPING potion of brilliance.
  1337 | D:4      | 1337 ||| DROPPING potion of degeneration.
  1371 | Sewer    | Entered a sewer
  1383 | Sewer    | Reached skill level 3 in Fighting
  1465 | Sewer    | 1465 ||| FLEEEEING.
  1466 | Sewer    | 1466 ||| FLEEEEING.
  1467 | Sewer    | 1467 ||| FLEEEEING.
  1468 | Sewer    | 1468 ||| FLEEEEING.
  1469 | Sewer    | 1469 ||| FLEEEEING.
  1470 | Sewer    | 1470 ||| FLEEEEING.
  1471 | Sewer    | 1471 ||| FLEEEEING.
  1472 | Sewer    | 1472 ||| FLEEEEING.
  1473 | Sewer    | 1473 ||| FLEEEEING.
  1474 | Sewer    | 1474 ||| FLEEEEING.
  1475 | Sewer    | 1475 ||| FLEEEEING.
  1590 | Sewer    | Reached skill level 6 in Ranged Weapons
  1611 | Sewer    | Reached skill level 1 in Armour
  1628 | Sewer    | 1628 ||| Stepping ~*~*~tactically~*~*~ (outnumbered).
  1639 | Sewer    | HP: 7/43 [kobold brigand/+0 short sword (7)]
  1640 | Sewer    | HP: 2/43 [kobold brigand/+0 short sword (3)]
  1641 | Sewer    | Slain by a kobold brigand

Levels and vault maps discovered:
D:1:      tarquinn_simple_flora_water_b, layout_rooms, nicolae_the_louvre
D:2:      minmay_thinvault, layout_basic, ebering_ecumenical_altar_rust
D:4:      layout_basic, nicolae_qazlal_scattered_showers,
          minmay_temple_entry_arrows, cheibrodos_sewer_entry_sluice
Sewer:    sewer_minmay_treatment

Skill      XL: |  1  2  3  4  5 |
---------------+----------------+-----
Ranged Weapons | 3 4 5 6 |  6.0
Fighting       | 2 3 |  3.3
Armour         | 1 |  1.0
Dodging        | |  2.1
Spellcasting   | |  1.0
Hexes          | |  2.0

Action                     |  1- 3 |  4- 6 || total
---------------------------+-------+-------++-------
   Fire: Sling             |   138 |   113 ||   251
    Use: Scroll            |     5 |     4 ||     9
         Potion            |     2 |     1 ||     3
 Armour: Robe              |    10 |       ||    10
         Leather armour    |    16 |    16 ||    32
  Dodge: Dodged            |    50 |    23 ||    73

Table legend:
 A = Non-vault XP
 B = Vault XP
 C = Vault XP percentage of total XP
 D = Non-vault monster count
 E = Vault monster count
 F = Vault count percentage of total count
                 A         B        C        D         E       F
            +---------+---------+-------+---------+---------+-------
      Total |     188 |     168 |  47.2 |      42 |      40 |  48.8
            +---------+---------+-------+---------+---------+-------
        D:1 |      32 |       0 |   0.0 |      22 |       0 |   0.0
        D:2 |      28 |      31 |  52.5 |       9 |       7 |  43.8
        D:4 |     128 |      15 |  10.5 |      11 |       3 |  21.4
      Sewer |       0 |     122 | 100.0 |       0 |      30 | 100.0
            +---------+---------+-------+---------+---------+-------
